 Dungeon Crawl Stone Soup version 0.28.0-53-g5a82cb258f (webtiles) character file.

Game seed: 3405872343933044277

6561 PhantomBowie the Arsonist (level 11, 0/83 HPs)
             Began as a Gnoll Wanderer on June 15, 2022.
             Was a High Priest of Okawaru.
             Slain by a 13-headed hydra (5 damage)
             ... on level 8 of the Dungeon.
             The game lasted 00:37:44 (9000 turns).

PhantomBowie the Arsonist (Gnoll Wanderer)          Turns: 9000, Time: 00:37:44

Health: 0/83       AC: 20    Str: 21    XL:     11   Next: 1%
Magic:  17/20      EV: 14    Int: 14    God:    Okawaru [*****.]
Gold:   580        SH:  0    Dex: 18    Spells: 22/23 levels left

rFire   . . .      SeeInvis +   e - +9 hand axe of Untruth {vorpal, *Corrode Will+ Str+6 SInv}
rCold   . . .      Faith    .   (no shield)
rNeg    . . .      Spirit   .   k - +8 ring mail "Lonom" {Str+2}
rPois   .          Reflect  .   t - +1 helmet
rElec   .          Harm     .   d - +1 cloak
rCorr   +          Rampage  .   I - +0 pair of gloves {infuse}
Will    +....                   (no boots)
Stlth   +++.......              (no amulet)
HPRegen 0.23/turn               h - +6 ring of dexterity
MPRegen 0.17/turn               y - ring of resist corrosion

@: no status effects
A: fangs 1, strong nose, distributed training
a: Renounce Religion, Heroism, Finesse, Duel


You were on level 8 of the Dungeon.
You worshipped Okawaru.
Okawaru was extremely pleased with you.
You visited 2 branches of the dungeon, and saw 10 of its levels.
You also visited: Sewer.

You collected 580 gold pieces.

Inventory:

Hand Weapons
 a - a +0 dagger
 e - the +9 hand axe of Untruth (weapon) {vorpal, *Corrode Will+ Str+6 SInv}
   (You found it on level 2 of the Dungeon)

   It inflicts extra damage upon your enemies.
   Str:       It affects your strength (+6).
   SInv:      It lets you see invisible.
   *Corrode:  It may corrode you when you take damage.
   Will:      It increases your willpower.
Missiles
 b - 21 poisoned darts (quivered)
 v - 5 throwing nets
Armour
 d - a +1 cloak (worn)
 k - the +8 ring mail "Lonom" (worn) {Str+2}
   (You found it on level 2 of the Dungeon)

   Str:       It affects your strength (+2).
 t - a +1 helmet (worn)
 I - a +0 pair of gloves of infusion (worn)
Jewellery
 h - a +6 ring of dexterity (left hand)
 y - a ring of resist corrosion (right hand)
 B - a ring of protection from fire
 C - a ring of flight
 L - a +4 ring of evasion
Wands
 H - a wand of digging (3)
 J - a wand of acid (7)
Scrolls
 c - 2 scrolls of fog
 f - 5 scrolls of identify {unknown}
 g - a scroll of vulnerability {unknown}
 n - 2 scrolls of brand weapon {unknown}
 q - a scroll of acquirement {unknown}
 r - 6 scrolls of teleportation
 s - a scroll of blinking {unknown}
 w - 5 scrolls of immolation {unknown}
 x - a scroll of holy word {unknown}
 z - a scroll of amnesia {unknown}
 A - 2 scrolls of magic mapping {unknown}
 G - 2 scrolls of enchant armour {unknown}
 K - a scroll of fear {unknown}
 M - a scroll of silence {unknown}
Potions
 i - 2 potions of flight {unknown}
 j - a potion of degeneration {unknown}
 l - a potion of berserk rage {unknown}
 m - 2 potions of magic {unknown}
 o - 5 potions of curing {unknown}
 p - a potion of lignification {unknown}
 u - 2 potions of haste {unknown}
 D - a potion of brilliance {unknown}
 E - a potion of might {unknown}
 F - 2 potions of heal wounds {unknown}


   Skills:
 + Level 6.4 Fighting
 + Level 5.8 Short Blades
 + Level 5.8 Long Blades
 + Level 5.8 Axes
 + Level 5.8 Maces & Flails
 + Level 5.8 Polearms
 + Level 5.8 Staves
 + Level 5.8 Slings
 + Level 5.8 Bows
 + Level 5.8 Crossbows
 + Level 7.5 Throwing
 + Level 6.4 Armour
 + Level 5.8 Dodging
 + Level 5.8 Stealth
 + Level 5.8 Shields
 + Level 5.8 Unarmed Combat
 + Level 6.5 Spellcasting
 + Level 4.8 Conjurations
 + Level 4.8 Hexes
 + Level 4.8 Summonings
 + Level 4.8 Necromancy
 + Level 4.8 Translocations
 + Level 4.8 Transmutations
 + Level 10.0 Fire Magic
 + Level 4.8 Ice Magic
 + Level 4.8 Air Magic
 + Level 4.8 Earth Magic
 + Level 4.8 Poison Magic
 + Level 6.4 Invocations
 + Level 5.8 Evocations


You had 22 spell levels left.
You knew the following spells:

 Your Spells              Type           Power      Damage    Failure   Level
a - Foxfire               Conj/Fire      100%       2x1d9     1%          1

Your spell library contained the following spells:

 Spells                   Type           Power      Damage    Failure   Level
 Scorch                   Fire           64%        2d8       1%          2
 Apportation              Tloc           36%        N/A       3%          1
 Freeze                   Ice            72%        1d9       3%          1
 Inner Flame              Hex/Fire       25%        N/A       3%          3
 Blink                    Tloc           36%        N/A       4%          2
 Ignite Poison            Fire/Tmut/Pois 23%        N/A       4%          3
 Frozen Ramparts          Ice            36%        1d5       10%         3
 Mephitic Cloud           Conj/Pois/Air  18%        N/A       10%         3
 Hailstorm                Conj/Ice       18%        3d6       32%         4
 Freezing Cloud           Conj/Ice/Air   9%         6-21      65%         5
 Manifold Assault         Tloc           18%        N/A       65%         5
 Storm Form               Tmut/Air       9%         N/A       100%        7
 Animate Skeleton         Necr           Unusable   N/A       N/A         1
 Summon Small Mammal      Summ           Unusable   N/A       N/A         1

Dungeon Overview and Level Annotations

Branches:
Dungeon (9/15)             Temple (1/1) D:4             Orc (0/2) D:9
  Sewer (visited)
   Lair: D:8-11

Altars:
Ashenzari
Cheibriados
Dithmenos
Elyvilon
Fedhas
Gozag
Hepliaklqana
Kikubaaqudgha
Makhleb
Nemelex Xobeh
Okawaru
Qazlal
Ru
Sif Muna
Trog
Uskayaw
Vehumet
Wu Jian
Xom
Yredelemnul
Zin
The Shining One

Shops:
D:1 (   D:7 *


Innate Abilities, Weirdness & Mutations

You have very sharp teeth.
Your uncanny sense of smell can sniff out nearby items.
Your experience applies equally to all skills.


Message History

* * * LOW HITPOINT WARNING * * *
The 12-headed hydra bites you.
* * * LOW HITPOINT WARNING * * *
The 12-headed hydra closely misses you. x2
The 12-headed hydra barely misses you.
The 12-headed hydra bites you but does no damage. x2
The 12-headed hydra misses you.
The 12-headed hydra bites you but does no damage. x2
The 12-headed hydra misses you.
There is an escape hatch in the ceiling here.
Things that are here:
22 arrows; a +0 shortbow
There is a stone staircase leading up, spattered with blood here.
An orc warrior comes into view. It is wielding a +0 dire flail.
An orc comes into view. It is wielding a +3 flail.
The orc shouts!
The orc warrior shouts!
You hear a shout!
Things that are here:
a +0 ring mail; a +2 dagger of venom; an orc skeleton
Items here: )) [ ÷.
There is a stone staircase leading up here.
The 12-headed hydra closely misses you.
The 12-headed hydra bites you but does no damage. x2
The 12-headed hydra barely misses you. x2
The 12-headed hydra completely misses you.
The 12-headed hydra bites you but does no damage.
The 12-headed hydra bites you.
* * * LOW HITPOINT WARNING * * *
The 12-headed hydra bites you.
* * * LOW HITPOINT WARNING * * *
The 12-headed hydra bites you but does no damage.
The 12-headed hydra closely misses you. The 12-headed hydra bites you!
* * * LOW HITPOINT WARNING * * *
You climb upwards.
There is a stone staircase leading down here.
You lop one of the 12-headed hydra's heads off!
The 11-headed hydra grows two more!
You slash the 13-headed hydra! Your bite misses the 13-headed hydra.
The 13-headed hydra is moderately wounded.
The 13-headed hydra bites you.
You die...

#####..####
.†..#..###
###......#
########.#
..##.....#
>.##.#########
..##.........#
..##.........#######
...............D@..#
..###........#######
..# #........# ..#
########## ###
####### #####
#.....## ....#
###.###..# ....#
#........#


You could see a 13-headed hydra.

Vanquished Creatures
  Harold (D:7)
  Maurice (D:8)
  Sigmund (D:4)
  A wyvern (D:9)
  4 yaks
  2 vampires (D:9)
  Eustachio (D:5)
  4 wargs (D:9)
  An acid dragon (D:8)
  Menkaure (D:6)
  A water moccasin (D:6)
  2 orc warriors
  A black bear (D:7)
  Pargi (Sewer)
  3 ice beasts
  An ogre (D:6)
  3 wolves (D:8)
  4 centaurs
  A kobold brigand (D:9)
  A scorpion (D:5)
  A bullfrog (D:8)
  A gnoll sergeant (D:6)
  A water moccasin zombie (D:7)
  A hornet simulacrum (D:8)
  7 killer bees
  6 howler monkeys
  An electric eel (D:8)
  A centaur zombie (D:5)
  4 hounds
  A jelly (D:4)
  A wyvern simulacrum (D:8)
  A centaur skeleton (D:5)
  3 bullfrog skeletons
  7 orc priests
  Crazy Yiuf (D:3)
  A gnoll shaman (D:4)
  3 iguanas
  Natasha (D:2)
  7 orc wizards
  A killer bee zombie (D:6)
  A centaur simulacrum (D:8)
  2 killer bee simulacra (D:8)
  A howler monkey zombie (D:8)
  8 gnolls
  2 howler monkey skeletons
  A river rat (D:4)
  9 adders
  2 shadow imps
  3 white imps
  An adder skeleton (D:4)
  4 worms
  4 dart slugs
  20 orcs
  7 endoplasms
  2 giant cockroaches
  7 goblins
  6 hobgoblins
  6 jackals
  A quokka (D:1)
  5 ball pythons
  7 bats
  5 frilled lizards
  13 kobolds
  8 rats
210 creatures vanquished.

Vanquished Creatures (others)
  240 foxfires
  3 fungi (D:3)
  16 plants (D:9)
259 creatures vanquished.

Grand Total: 469 creatures vanquished

Notes
Turn   | Place    | Note
-------+----------+-------------------------------------------
     0 | D:1      | PhantomBowie the Gnoll Wanderer began the quest for the
                  | Orb.
     0 | D:1      | PhantomBowie set off with the following items: a +0 dagger,
                  | 13 poisoned darts, a scroll of fog, a +0 robe; and the
                  | following spell memorised: Foxfire; and the following
                  | spells available to memorise: Scorch, Inner Flame
     0 | D:1      | Reached XP level 1. HP: 17/17 MP: 4/4
    25 | D:1      | You fall into a shaft and drop 1 floor!
    40 | D:2      | Reached XP level 2. HP: 14/23 MP: 3/5
   240 | D:2      | Identified the +9 hand axe of Untruth {vorpal, *Corrode
                  | Will+ Str+6 SInv}
   246 | D:2      | Reached XP level 3. HP: 28/28 MP: 5/7
   269 | D:2      | Noticed Natasha
   306 | D:1      | Found a faded altar of an unknown god.
   714 | D:1      | Found Woficusyl's Weapon Shop.
   734 | D:1      | Reached skill level 1 in Invocations
  1223 | D:2      | Identified the +8 ring mail "Lonom" {Str+2}
  1412 | D:2      | Reached skill level 1 in Short Blades
  1412 | D:2      | Reached skill level 1 in Long Blades
  1412 | D:2      | Reached skill level 1 in Axes
  1412 | D:2      | Reached skill level 1 in Maces & Flails
  1412 | D:2      | Reached skill level 1 in Polearms
  1412 | D:2      | Reached skill level 1 in Staves
  1412 | D:2      | Reached skill level 1 in Slings
  1412 | D:2      | Reached skill level 1 in Bows
  1412 | D:2      | Reached skill level 1 in Crossbows
  1412 | D:2      | Reached skill level 1 in Dodging
  1412 | D:2      | Reached skill level 1 in Stealth
  1412 | D:2      | Reached skill level 1 in Shields
  1412 | D:2      | Reached skill level 1 in Unarmed Combat
  1412 | D:2      | Reached skill level 1 in Evocations
  1417 | D:2      | Reached XP level 4. HP: 34/34 MP: 8/8
  1569 | D:2      | Killed Natasha
  1570 | D:2      | Reached skill level 1 in Conjurations
  1570 | D:2      | Reached skill level 1 in Hexes
  1570 | D:2      | Reached skill level 1 in Summonings
  1570 | D:2      | Reached skill level 1 in Necromancy
  1570 | D:2      | Reached skill level 1 in Translocations
  1570 | D:2      | Reached skill level 1 in Transmutations
  1570 | D:2      | Reached skill level 1 in Ice Magic
  1570 | D:2      | Reached skill level 1 in Air Magic
  1570 | D:2      | Reached skill level 1 in Earth Magic
  1570 | D:2      | Reached skill level 1 in Poison Magic
  1915 | D:3      | Identified the +0 leather armour "Liuhuu" {Rampage rF+
                  | Will+ Stlth-}
  2014 | D:3      | Reached XP level 5. HP: 33/40 MP: 7/9
  2365 | D:3      | Found a runed translucent door.
  2366 | D:3      | Noticed Crazy Yiuf
  2373 | D:3      | Killed Crazy Yiuf
  2545 | D:4      | Found a staircase to the Ecumenical Temple.
  2554 | Temple   | Entered the Ecumenical Temple
  2651 | Temple   | Became a worshipper of Warmaster Okawaru
  2721 | D:4      | Reached XP level 6. HP: 38/47 MP: 5/10
  2913 | D:4      | Noticed Sigmund
  2920 | D:4      | Killed Sigmund
  2921 | D:4      | Reached skill level 5 in Throwing
  3043 | D:4      | Reached skill level 9 in Fire Magic
  3082 | D:4      | Identified the +8 falchion of Spite {spect, rF- Dex+6 SInv}
  3131 | D:4      | Found a glowing drain.
  3146 | D:4      | Reached XP level 7. HP: 47/52 MP: 12/12
  3153 | Sewer    | Entered a sewer
  3234 | Sewer    | Noticed Pargi
  3242 | Sewer    | Killed Pargi
  3554 | D:5      | Entered Level 5 of the Dungeon
  3763 | D:5      | Noticed Eustachio
  3788 | D:5      | Killed Eustachio
  3788 | D:5      | Reached * piety under Okawaru
  3810 | D:5      | Reached XP level 8. HP: 58/60 MP: 12/14
  4627 | D:6      | Reached ** piety under Okawaru
  4864 | D:6      | Noticed Menkaure
  4871 | D:6      | Killed Menkaure
  4872 | D:6      | Reached XP level 9. HP: 35/66 MP: 11/16
  5457 | D:7      | Found Ylosism's Overcharged Wands.
  5470 | D:7      | Noticed Harold
  5494 | D:7      | Killed Harold
  5494 | D:7      | Reached *** piety under Okawaru
  5495 | D:7      | Reached skill level 5 in Fighting
  5495 | D:7      | Reached skill level 5 in Armour
  5495 | D:7      | Reached skill level 5 in Spellcasting
  6184 | D:7      | Reached skill level 5 in Invocations
  6654 | D:7      | Reached XP level 10. HP: 74/74 MP: 18/18
  6725 | D:7      | Reached **** piety under Okawaru
  6746 | D:7      | Reached skill level 5 in Short Blades
  6746 | D:7      | Reached skill level 5 in Long Blades
  6746 | D:7      | Reached skill level 5 in Axes
  6746 | D:7      | Reached skill level 5 in Maces & Flails
  6746 | D:7      | Reached skill level 5 in Polearms
  6746 | D:7      | Reached skill level 5 in Staves
  6746 | D:7      | Reached skill level 5 in Slings
  6746 | D:7      | Reached skill level 5 in Bows
  6746 | D:7      | Reached skill level 5 in Crossbows
  6746 | D:7      | Reached skill level 5 in Dodging
  6746 | D:7      | Reached skill level 5 in Stealth
  6746 | D:7      | Reached skill level 5 in Shields
  6746 | D:7      | Reached skill level 5 in Unarmed Combat
  6746 | D:7      | Reached skill level 5 in Evocations
  7619 | D:8      | Found a bloodstained altar of Trog.
  7744 | D:8      | Received a gift from Okawaru
  7744 | D:8      | Noticed Maurice
  7859 | D:8      | Killed Maurice
  8120 | D:8      | Identified the +5 ring mail of the Beekeeper {-Cast -Tele
                  | rElec Dex+7}
  8284 | D:9      | Noticed a two-headed ogre
  8391 | D:9      | Reached ***** piety under Okawaru
  8397 | D:9      | Reached skill level 10 in Fire Magic
  8596 | D:9      | Found a staircase to the Orcish Mines.
  8752 | D:9      | Noticed a purple ugly thing
  8752 | D:9      | Noticed a manticore
  8752 | D:9      | Noticed a cyclops
  8931 | D:9      | Reached XP level 11. HP: 83/83 MP: 15/20
  8933 | D:9      | Noticed an eight-headed hydra
  8998 | D:9      | HP: 4/83 [12-headed hydra (12)]
  9000 | D:8      | Slain by a 13-headed hydra

Illustrated notes

Levels and vault maps discovered:
D:1:      dpeg_arrival_ternary, layout_loops_corners, serial_shops,
          nicolae_shop_window_shopping, ebering_ecumenical_altar_box
D:2:      layout_rooms, uniq_natasha
D:3:      layout_loops_ring, grunt_ministairs_10, minmay_quantized,
          uniq_crazy_yiuf_cottage
D:4:      layout_basic, minmay_temple_entry_waves, portal_sewer_entry_c,
          uniq_sigmund
D:5:      nicolae_cairo_tiling_large_dashed, layout_rooms,
          chequers_serial_rivers_micro_c, kennysheep_generic_room_7,
          uniq_eustachio
D:6:      layout_basic, minivault_23, uniq_menkaure
D:7:      layout_loops_corners, nicolae_shop_overcharged_wands, uniq_harold
D:8:      layout_basic, trog_hazing_becter, serial_ice, serial_ice_f,
          serial_ice_i, serial_ice_m, serial_ice_d, uniq_maurice
D:9:      nzn_winding_woodlands_stair_cross [nzn_winding_woodlands_5x15_jagged,
          nzn_winding_woodlands_center_garden,
          nzn_winding_woodlands_5x15_sidewinder,
          nzn_winding_woodlands_5x5_cross,
          nzn_winding_woodlands_5x5_checkerboard,
          nzn_winding_woodlands_5x15_garden,
          nzn_winding_woodlands_center_pierced_h,
          nzn_winding_woodlands_5x15_crooked], layout_loops_ring,
          minmay_orc_entry_guard_dogs, roderic_roman_lattice, st_stairs_10,
          minmay_radiant, uniq_prince_ribbit1
Temple:   kilobyte_greek_temple

Skill      XL: |  1  2  3  4  5  6  7  8  9 10 |
---------------+-------------------------------+-----
Invocations    | 1 2 3 4 5 6 |  6.4
Short Blades   | 1 2 3 4 5 |  5.8
Long Blades    | 1 2 3 4 5 |  5.8
Axes           | 1 2 3 4 5 |  5.8
Maces & Flails | 1 2 3 4 5 |  5.8
Polearms       | 1 2 3 4 5 |  5.8
Staves         | 1 2 3 4 5 |  5.8
Slings         | 1 2 3 4 5 |  5.8
Bows           | 1 2 3 4 5 |  5.8
Crossbows      | 1 2 3 4 5 |  5.8
Dodging        | 1 2 3 4 5 |  5.8
Stealth        | 1 2 3 4 5 |  5.8
Shields        | 1 2 3 4 5 |  5.8
Unarmed Combat | 1 2 3 4 5 |  5.8
Evocations     | 1 2 3 4 5 |  5.8
Spellcasting   | 3 4 5 6 |  6.5
Conjurations   | 1 2 3 4 |  4.8
Hexes          | 1 2 3 4 |  4.8
Summonings     | 1 2 3 4 |  4.8
Necromancy     | 1 2 3 4 |  4.8
Translocations | 1 2 3 4 |  4.8
Transmutations | 1 2 3 4 |  4.8
Ice Magic      | 1 2 3 4 |  4.8
Air Magic      | 1 2 3 4 |  4.8
Earth Magic    | 1 2 3 4 |  4.8
Poison Magic   | 1 2 3 4 |  4.8
Fighting       | 3 4 5 6 |  6.4
Armour         | 3 4 5 6 |  6.4
Throwing       | 5 6 7 |  7.5
Fire Magic     | 9 10 | 10.0

Action                   |  1- 3 |  4- 6 |  7- 9 | 10-12 || total
-------------------------+-------+-------+-------+-------++-------
Melee: Dagger            |     1 |       |       |       ||     1
       Hand axe          |    30 |    74 |   182 |   180 ||   466
       Bite              |       |     6 |    28 |    19 ||    53
       Punch             |       |     2 |     8 |     8 ||    18
Throw: Dart              |     3 |       |       |       ||     3
 Cast: Foxfire           |     9 |    19 |    80 |    36 ||   144
  Use: Scroll            |       |       |     1 |       ||     1
 Stab: Sleeping          |     2 |     3 |     5 |     3 ||    13
       Distracted        |       |       |       |     2 ||     2
Armor: Ring mail         |     3 |    24 |    99 |    95 ||   221
       Robe              |     2 |       |       |       ||     2
Dodge: Dodged            |    13 |    28 |    94 |   150 ||   285
